Map: Triton LE

Players

MarineLorD

  • Race: Terran Terran
  • League: Master
  • Spawn Location: 5:00

Elazer - Winner!

  • Race: Zerg Zerg
  • League: Master
  • Spawn Location: 11:00

Event: NationWars 2019

VOD

Have the link to the VOD?

Description

Time

  • Played on: Nov. 14, 2019, 12:21 p.m.
  • Length: 12:28
Show
View Real Time Build Order
Export as new Build Order

MarineLorD Terran 

Build Orders: Liberator Opening, Reaper Expand 

Get SALT Encoding   

  12  0:00  SCV  
  13  0:12  SCV  
  14  0:17  Supply Depot  
  14  0:24  SCV  
  15  0:38  SCV  
  15  0:39  Barracks  
  16  0:43  Refinery  
  16  0:50  SCV  
  17  1:02  SCV  
  18  1:14  SCV  
  19  1:27  Orbital Command  
  19  1:28  Reaper  
  20  1:39  Command Center  
  20  1:49  Supply Depot  
  20  1:53  SCV  
  21  2:00  Marine  
  22  2:05  SCV  
  23  2:14  Factory, Refinery  
  23  2:17  SCV  
  24  2:26  Barracks Reactor  
  24  2:29  SCV  
  25  2:41  SCV  
  26  2:53  SCV, Orbital Command  
  27  3:00  Starport  
  27  3:05  SCV  
  28  3:07  Hellion x2  
  32  3:16  Marine  
  32  3:17  SCV  
  32  3:19  SCV  
  35  3:20  Liberator  
  35  3:22  Supply Depot  
  35  3:29  SCV  
  35  3:30  Hellion  
  35  3:31  SCV, Hellion  
  41  3:34  Barracks Tech Lab  
  44  3:41  SCV  
  44  3:45  SCV, Supply Depot  
  46  3:54  SCV  
  47  3:57  SCV  
  47  3:58  Hellion x2  
  47  4:00  Stimpack, Marine  
  53  4:06  SCV  
  53  4:09  Supply Depot  
  55  4:10  SCV  
  55  4:18  SCV, Marine  
  55  4:22  SCV  
  58  4:30  Factory Tech Lab, Command Center  
  58  4:33  Starport Reactor  
  58  4:35  SCV, Marine  
  58  4:38  SCV  
  61  4:42  Barracks  
  61  4:47  SCV  
  61  4:50  SCV  
  61  4:51  Barracks  
  63  4:53  Marine  
  63  4:59  SCV  
  65  5:02  SCV  
  66  5:11  SCV, Marine  
  58  5:14  SCV  
  58  5:16  Engineering Bay x2  
  58  5:18  Refinery x2  
  58  5:20  Siege Tank  
  59  5:23  SCV  
  59  5:26  SCV  
  61  5:28  Starport Reactor  
  61  5:29  Supply Depot, Marine  
  61  5:32  Supply Depot  
  63  5:35  SCV  
  63  5:38  SCV, Marine x2  
  63  5:41  Marine x2  
  63  5:42  Combat Shield  
  68  5:44  Terran Infantry Weapons Level 1, Terran Infantry Armor Level 1  
  68  5:45  Orbital Command  
  68  5:47  SCV, Marine  
  70  5:52  Siege Tank  
  70  5:53  SCV  
  70  5:56  Marine x2  
  76  5:59  Marine x2  
  78  6:05  Medivac  
  78  6:06  Marine  
  78  6:07  Medivac  
  78  6:09  Orbital Command, SCV  
  84  6:12  SCV  
  84  6:14  Marine x2  
  84  6:16  Marine  
  88  6:19  Marine  
  88  6:21  SCV  
  88  6:24  SCV, Marine  
  92  6:26  Armory  
  92  6:32  Marine  
  93  6:33  Supply Depot x2, Marine  
  93  6:35  SCV  
  93  6:37  Factory Reactor, Marine  
  93  6:38  Marine  
  97  6:40  SCV  
  97  6:42  SCV  
  97  6:46  Marine  
  100  6:47  SCV  
  101  6:54  Marine  
  101  6:55  SCV x2  
  101  6:56  Supply Depot, Marine  
  101  6:57  Supply Depot  
  105  7:01  Marine x2  
  105  7:04  Marine  
  106  7:12  Marine  
  106  7:14  Marine  
  97  7:19  Marine x2  
  97  7:20  Barracks  
  97  7:22  Marine  
  100  7:23  Barracks  
  100  7:25  Barracks, Siege Tank  
  100  7:26  SCV x2  
  100  7:27  SCV  
  106  7:30  Marine  
  106  7:32  Marine  
  106  7:35  Supply Depot x2  
  106  7:37  Medivac, Marine x2  
  105  7:38  Medivac  
  105  7:40  Marine  
  105  7:43  Terran Infantry Armor Level 2  
  112  7:47  Terran Infantry Weapons Level 2  
  112  7:50  Marine  
  112  7:51  Marine  
  114  7:53  Terran Vehicle Weapons Level 1  
  114  7:54  Marine  
  114  7:56  Refinery  
  114  7:57  Refinery  
  115  7:59  Marine  
  115  8:00  Marine  
  117  8:07  Factory, Medivac  
  117  8:08  Medivac, Marine x2  
  117  8:12  Barracks Reactor, Marine  
  123  8:13  Marine x2  
  123  8:17  Marine  
  123  8:18  Marine  
  128  8:26  Marine x2  
  130  8:30  Marine x2  
  130  8:31  Marine  
  133  8:35  Marine  
  133  8:36  Marine  
  135  8:44  Marine x2  
  135  8:47  Siege Tank  
  135  8:48  Marine x3  
  137  8:50  Marine x2  
  137  8:51  Command Center  
  137  8:53  Marine x2  
  137  8:55  Barracks, Medivac  
  143  8:56  Barracks, Supply Depot, Medivac  
  143  8:57  Supply Depot  
  143  8:59  Barracks  
  143  9:02  Marine x2  
  149  9:06  Factory Tech Lab  
  149  9:09  Supply Depot  
  149  9:10  Supply Depot x2  
  149  9:17  Marine x7  
  149  9:19  Siege Tank, Marine  
  149  9:20  Marine  
  159  9:34  Siege Tank  
  159  9:35  Marine x7  
  159  9:37  Marine x2  
  170  9:44  Marine  
  171  9:47  Sensor Tower  
  168  9:53  Marine x2  
  168  9:54  Marine x2  
  168  9:55  Siege Tank, Marine x2  
  173  10:02  Barracks Tech Lab x3  
  173  10:03  Marine x2  
  173  10:04  Marine  
  167  10:09  Command Center  
  167  10:11  SCV x2, Marine x2  
  167  10:12  Marine x2  
  167  10:13  Liberator, Marine  
  170  10:15  Marine  
  138  10:21  Marine x2  
  138  10:22  Marine  
  138  10:23  Marauder, Marine x2  
  138  10:28  Liberator, Marine  
  140  10:29  Marauder, Marine  
  140  10:32  Marine  
  125  10:38  Marine  
  125  10:40  Marine  
  125  10:42  Marauder x2  
  127  10:44  Marauder  
  120  10:59  Marine  
  120  11:03  Planetary Fortress  
  120  11:05  SCV x2  
  120  11:19  Marauder, Marine x2  
  120  11:22  Marauder  
  120  11:25  Marine  
  120  11:26  Marauder  
  120  11:27  Marine  
  112  11:33  Marauder, Marine x3  
  112  11:35  Marine  
  112  11:38  Medivac  
  120  11:41  Marauder, Marine x2  
  120  11:44  Marine  
  120  11:45  Marauder  
  125  11:48  Siege Tank  
  125  11:50  SCV x2  
  125  11:53  Siege Tank  
  133  11:56  Supply Depot  
  133  12:09  Marine x4  
Show
View Real Time Build Order
Export as new Build Order

Elazer Zerg - Winner!

Build Orders: Hatch First 

Get SALT Encoding   

  12  0:00  Drone  
  13  0:13  Overlord  
  13  0:17  Drone  
  14  0:31  Drone x2  
  16  0:48  Hatchery  
  15  0:51  Drone  
  15  0:55  Drone  
  17  0:59  Drone  
  18  1:09  Extractor  
  17  1:13  Spawning Pool  
  17  1:17  Drone  
  17  1:20  Drone  
  18  1:32  Drone  
  19  1:40  Drone  
  20  1:50  Drone  
  21  2:00  Queen x2  
  25  2:01  Zergling x4  
  27  2:19  Hatchery, Overlord  
  27  2:22  Drone  
  27  2:24  Drone  
  28  2:33  Metabolic Boost  
  28  2:37  Drone x3  
  31  2:45  Queen  
  31  2:49  Overlord  
  33  2:52  Drone  
  33  2:55  Drone  
  33  2:58  Drone  
  36  3:08  Drone x2  
  36  3:10  Drone x2  
  36  3:12  Drone  
  41  3:17  Drone  
  42  3:20  Overlord  
  42  3:24  Queen  
  44  3:30  Queen  
  44  3:33  Drone  
  47  3:34  Drone  
  47  3:36  Drone  
  47  3:37  Drone  
  47  3:40  Zergling x6  
  53  3:49  Overlord  
  53  3:50  Drone  
  53  3:52  Drone  
  53  3:53  Drone  
  56  3:56  Evolution Chamber  
  56  3:57  Drone x3  
  59  4:06  Queen  
  59  4:07  Roach Warren  
  59  4:09  Drone x3  
  62  4:16  Zergling x4  
  64  4:20  Overlord  
  64  4:21  Drone  
  65  4:27  Spore Crawler  
  65  4:29  Spore Crawler  
  65  4:30  Drone  
  65  4:31  Spore Crawler  
  63  4:32  Drone x2  
  65  4:39  Zergling x4  
  65  4:43  Overlord  
  65  4:45  Queen  
  67  4:47  Drone x2  
  67  4:48  Overlord  
  67  4:50  Drone x2  
  73  4:54  Overlord  
  75  5:07  Drone x7, Roach  
  75  5:11  Drone x3  
  76  5:14  Drone x2  
  76  5:18  Overlord  
  76  5:21  Lair  
  78  5:23  Extractor  
  78  5:25  Extractor, Evolution Chamber  
  78  5:27  Extractor, Evolution Chamber  
  78  5:28  Drone x5  
  78  5:33  Extractor, Overlord  
  77  5:36  Drone x3  
  80  5:43  Drone  
  80  5:44  Drone x2  
  83  5:52  Hatchery, Zerg Ground Armor Level 1  
  83  5:53  Zerg Missile Weapons Level 1  
  83  5:55  Roach  
  83  5:56  Roach x3  
  90  5:59  Overlord  
  90  6:01  Overlord  
  90  6:06  Drone x2  
  90  6:07  Extractor  
  90  6:09  Drone  
  90  6:10  Drone x2  
  94  6:12  Overlord  
  94  6:15  Roach x2  
  94  6:17  Baneling Nest  
  97  6:20  Glial Reconstitution  
  97  6:21  Overlord  
  97  6:23  Roach x2  
  97  6:25  Roach x2  
  105  6:30  Roach x3  
  111  6:32  Overlord  
  111  6:34  Roach  
  111  6:38  Overlord  
  111  6:39  Roach  
  117  6:40  Roach  
  117  6:45  Overlord  
  117  6:47  Ravager x3  
  117  6:49  Roach x2  
  124  6:55  Roach x4  
  124  6:56  Roach  
  134  7:02  Overlord  
  121  7:16  Drone x12  
  121  7:21  Centrifical Hooks  
  121  7:22  Drone  
  133  7:25  Infestation Pit  
  133  7:28  Overlord  
  132  7:30  Drone x5  
  132  7:33  Ravager x2, Overlord  
  139  7:37  Extractor  
  139  7:41  Overlord  
  139  7:42  Drone x2  
  140  7:48  Zerg Ground Armor Level 2  
  140  7:49  Zerg Melee Weapons Level 1  
  140  7:50  Zergling x6  
  143  7:55  Zergling x4, Hatchery  
  143  7:57  Overlord  
  144  8:02  Zergling x8  
  144  8:05  Pneumatized Carapace  
  148  8:06  Hive, Overlord  
  148  8:08  Zergling x2  
  148  8:09  Zergling x2  
  148  8:12  Zergling x8  
  154  8:13  Baneling x10  
  154  8:19  Zergling x8  
  158  8:22  Baneling x8  
  158  8:23  Zergling x2  
  158  8:24  Zergling x4  
  158  8:25  Zergling x2  
  162  8:33  Zergling x2  
  162  8:34  Zergling x14  
  166  8:40  Overlord  
  164  8:45  Overlord  
  160  8:51  Overlord  
  160  8:52  Drone x2  
  160  8:54  Drone x3, Extractor  
  164  8:55  Spore Crawler  
  164  8:56  Spore Crawler, Drone x2  
  164  8:57  Baneling x5  
  164  8:58  Zergling x12, Baneling x4  
  170  9:06  Zergling x6  
  173  9:15  Zergling x14  
  176  9:25  Zergling x4  
  176  9:26  Zergling x20  
  176  9:27  Burrow  
  176  9:28  Drone, Adrenal Glands  
  176  9:29  Ultralisk Cavern, Viper  
  190  9:37  Viper  
  193  9:41  Overlord  
  193  9:43  Spore Crawler x2, Zergling x12  
  197  9:47  Zerg Melee Weapons Level 2  
  197  9:51  Zergling x8  
  199  9:59  Baneling x11  
  197  10:01  Zergling x8  
  189  10:13  Zergling x24  
  166  10:22  Zergling x14  
  166  10:25  Baneling x15  
  166  10:27  Zergling x8  
  174  10:31  Zergling x2  
  162  10:36  Zergling x8  
  162  10:37  Chitinous Plating  
  162  10:40  Zergling x2  
  162  10:41  Zergling x4  
  158  10:52  Ultralisk x3  
  158  10:54  Zergling x8  
  158  10:55  Zergling x2  
  172  11:01  Zergling x4, Ultralisk  
  178  11:05  Zergling x8  
  178  11:08  Zergling x8  
  186  11:14  Zergling x8  
  190  11:24  Zergling x2  
  190  11:25  Zergling x18  
  184  11:30  Ultralisk x2  
  180  11:36  Zergling x2  
  180  11:37  Zergling x8  
  180  11:38  Baneling  
  180  11:39  Baneling x9  
  185  11:49  Spire  
  183  11:56  Zergling x2  
  183  11:57  Zergling x26  
  197  12:01  Nydus Network  
  197  12:02  Nydus Network  
Tags
 
Add a new tag
Caveats
  • Supply blocks, unpowered buildings, or Contaminate may cause inaccurate times.
  • Supply counts are checked every 10 seconds.